Map: Newkirk Precinct TE (Void)

Players

Fropez

  • Race: Protoss Protoss
  • League: Gold
  • Spawn Location: 7:00

duwkclsrn - Winner!

  • Race: Protoss Protoss
  • League: Gold
  • Spawn Location: 5:00

VOD

Have the link to the VOD?

Description

Time

  • Played on: Nov. 29, 2016, 1:15 p.m.
  • Length: 12:32
Show
View Real Time Build Order
Export as new Build Order

Fropez Protoss 

Build Orders:  

Get SALT Encoding   

  12  0:01  Probe (Chrono Boost)  
  13  0:11  Probe (Chrono Boost)  
  14  0:20  Pylon  
  14  0:22  Probe (Chrono Boost)  
  15  0:31  Assimilator  
  15  0:38  Probe (Chrono Boost)  
  16  0:46  Assimilator  
  16  0:51  Gateway  
  16  0:53  Probe (Chrono Boost)  
  17  1:03  Probe (Chrono Boost)  
  18  1:14  Probe (Chrono Boost)  
  18  1:17  Gateway  
  19  1:24  Probe (Chrono Boost)  
  20  1:35  Probe (Chrono Boost)  
  21  1:40  Cybernetics Core  
  21  1:45  Probe (Chrono Boost)  
  22  1:56  Pylon, Probe (Chrono Boost)  
  22  2:00  Pylon  
  22  2:17  Adept x2  
  22  2:20  Mothership Core (Chrono Boost)  
  22  2:22  Warp Gate (Chrono Boost)  
  28  2:38  Probe (Chrono Boost)  
  28  2:39  Pylon  
  29  2:49  Adept x2  
  33  2:57  Probe  
  34  2:58  Pylon  
  34  3:16  Adept  
  34  3:17  Adept  
  36  3:54  Nexus  
  26  4:42  Probe  
  27  4:48  Robotics Facility  
  27  4:49  Gateway  
  27  4:53  Gateway  
  27  4:56  Probe  
  27  4:57  Pylon  
  28  5:06  Stalker x2  
  32  5:11  Probe  
  32  5:13  Probe  
  33  5:16  Pylon  
  33  5:19  Assimilator  
  34  5:23  Probe  
  34  5:24  Assimilator  
  34  5:25  Probe  
  36  5:32  Stalker x2  
  40  5:39  Immortal  
  44  5:54  Twilight Council  
  44  5:55  Pylon  
  44  6:18  Probe, Gateway  
  44  6:20  Probe  
  44  6:23  Blink (Chrono Boost)  
  44  6:25  Immortal  
  50  6:32  Zealot x2  
  54  6:37  Sentry x2  
  58  6:40  Probe x2  
  60  6:52  Probe  
  60  6:53  Probe  
  62  6:54  Pylon  
  62  7:06  Probe  
  63  7:14  Probe  
  63  7:15  Immortal (Chrono Boost)  
  68  7:21  Sentry x2  
  72  7:32  Probe x2, Forge  
  72  7:34  Forge  
  74  7:44  Probe x2  
  75  7:50  Nexus  
  76  7:56  Pylon, Probe x2  
  78  8:04  Pylon  
  78  8:08  Probe x2  
  80  8:14  Protoss Ground Armor Level 1 (Chrono Boost)  
  80  8:18  Immortal  
  80  8:23  Protoss Ground Weapons Level 1 (Chrono Boost)  
  80  8:27  Zealot x2  
  86  8:31  Probe  
  86  8:32  Probe  
  90  8:36  Charge  
  90  8:45  Probe  
  90  8:47  Assimilator  
  91  8:51  Assimilator  
  91  8:55  Probe  
  92  8:57  Probe  
  92  9:00  Stalker x3  
  92  9:02  Zealot  
  101  9:21  Templar Archives  
  101  9:28  Photon Cannon  
  101  9:30  Photon Cannon, Stalker  
  101  9:31  Stalker x3  
  109  9:42  Probe x2  
  109  9:43  Pylon  
  111  9:49  Protoss Ground Armor Level 2 (Chrono Boost)  
  111  9:50  Pylon  
  111  9:54  Probe  
  111  9:55  Probe x2  
  111  9:57  Psionic Storm  
  111  9:58  Photon Cannon  
  114  10:03  Protoss Ground Weapons Level 2 (Chrono Boost)  
  114  10:30  High Templar x5  
  124  10:47  Photon Cannon  
  124  10:50  Probe x2  
  124  10:53  Pylon  
  124  10:55  Pylon  
  126  11:08  Nexus, High Templar x2  
  126  11:09  High Templar  
  132  11:15  Pylon  
  132  11:18  Probe  
  132  11:19  Nexus, Probe x2  
  132  11:22  Photon Cannon  
  135  11:34  Observer  
  135  11:36  Probe x2  
  138  11:43  High Templar  
  138  11:44  High Templar x3  
  146  11:47  Stalker  
  146  12:28  Archon x2  
Show
View Real Time Build Order
Export as new Build Order

duwkclsrn Protoss - Winner!

Build Orders:  

Get SALT Encoding   

  12  0:01  Probe (Chrono Boost)  
  13  0:18  Pylon, Probe (Chrono Boost)  
  14  0:29  Probe (Chrono Boost)  
  15  0:39  Probe (Chrono Boost)  
  16  0:47  Assimilator  
  17  0:50  Probe (Chrono Boost)  
  17  0:52  Assimilator  
  17  1:00  Probe (Chrono Boost)  
  18  1:11  Probe (Chrono Boost)  
  19  1:21  Probe (Chrono Boost)  
  20  1:32  Probe (Chrono Boost)  
  21  1:42  Probe (Chrono Boost)  
  22  1:47  Pylon  
  22  1:53  Probe (Chrono Boost)  
  23  1:54  Nexus  
  23  2:13  Forge  
  23  2:14  Gateway  
  23  2:22  Pylon  
  23  2:47  Photon Cannon  
  23  2:48  Photon Cannon  
  23  3:03  Cybernetics Core  
  23  3:05  Photon Cannon  
  23  3:15  Probe x2 (Chrono Boost)  
  25  3:26  Probe x2 (Chrono Boost)  
  27  3:32  Photon Cannon  
  27  3:36  Probe x2 (Chrono Boost)  
  29  3:42  Photon Cannon  
  29  3:54  Photon Cannon  
  29  3:58  Pylon  
  29  4:19  Photon Cannon  
  29  4:22  Photon Cannon  
  29  4:25  Pylon  
  29  4:44  Pylon  
  29  4:48  Probe x2 (Chrono Boost), Photon Cannon  
  31  4:55  Assimilator  
  31  4:56  Pylon  
  31  4:58  Probe (Chrono Boost)  
  31  4:59  Probe (Chrono Boost)  
  33  5:02  Assimilator  
  33  5:09  Probe x2 (Chrono Boost)  
  35  5:19  Probe (Chrono Boost)  
  35  5:20  Probe (Chrono Boost)  
  37  5:30  Probe x2 (Chrono Boost)  
  39  5:40  Probe (Chrono Boost)  
  39  5:41  Probe (Chrono Boost)  
  41  5:49  Stargate  
  41  5:51  Probe x2 (Chrono Boost), Stargate  
  41  5:54  Nexus  
  41  5:57  Stargate  
  43  6:01  Probe (Chrono Boost)  
  43  6:02  Probe (Chrono Boost)  
  45  6:05  Stargate  
  45  6:12  Pylon  
  45  6:20  Pylon  
  45  6:21  Photon Cannon  
  45  6:23  Photon Cannon  
  45  6:30  Pylon  
  45  6:37  Pylon  
  45  6:42  Void Ray  
  49  6:47  Void Ray  
  53  6:56  Void Ray  
  57  7:04  Void Ray  
  61  7:17  Probe x2 (Chrono Boost)  
  61  7:19  Probe (Chrono Boost)  
  64  7:25  Void Ray  
  64  7:27  Probe (Chrono Boost)  
  64  7:28  Probe (Chrono Boost)  
  64  7:29  Probe (Chrono Boost)  
  71  7:38  Probe x2 (Chrono Boost)  
  71  7:40  Probe (Chrono Boost)  
  74  7:48  Probe (Chrono Boost)  
  74  7:49  Probe (Chrono Boost)  
  74  7:50  Probe (Chrono Boost)  
  77  7:57  Void Ray  
  81  7:59  Probe (Chrono Boost)  
  81  8:00  Probe (Chrono Boost)  
  81  8:01  Probe (Chrono Boost)  
  81  8:04  Void Ray  
  88  8:10  Void Ray, Probe x2 (Chrono Boost)  
  88  8:11  Probe (Chrono Boost)  
  95  8:16  Void Ray  
  99  8:20  Probe (Chrono Boost)  
  99  8:21  Probe (Chrono Boost)  
  99  8:22  Probe (Chrono Boost)  
  102  8:35  Probe (Chrono Boost)  
  102  8:40  Void Ray  
  107  8:47  Void Ray  
  111  8:59  Nexus  
  111  9:05  Nexus  
  111  9:07  Assimilator  
  111  9:08  Void Ray  
  115  9:17  Assimilator x2  
  115  9:22  Assimilator  
  115  9:28  Stargate  
  115  9:30  Stargate  
  115  9:32  Stargate  
  115  9:36  Stargate  
  115  9:39  Stargate  
  115  9:43  Stargate  
  115  10:01  Assimilator  
  115  10:03  Assimilator  
  115  10:11  Void Ray x4  
  131  10:17  Void Ray x3  
  143  10:24  Probe (Chrono Boost)  
  144  10:35  Probe (Chrono Boost)  
  145  10:42  Pylon  
  145  10:45  Probe (Chrono Boost)  
  145  10:48  Pylon  
  145  10:49  Pylon  
  146  10:53  Pylon  
  146  10:56  Probe (Chrono Boost)  
  147  11:00  Void Ray x2  
  155  11:06  Void Ray, Probe (Chrono Boost)  
  155  11:09  Void Ray  
  155  11:10  Void Ray  
  168  11:11  Void Ray  
  168  11:17  Probe (Chrono Boost)  
  173  11:18  Pylon  
  173  11:20  Pylon  
  173  11:23  Pylon  
  173  11:24  Pylon  
  173  11:27  Probe (Chrono Boost)  
  173  11:29  Void Ray  
  178  11:36  Void Ray  
  178  11:38  Probe (Chrono Boost)  
  183  11:45  Void Ray  
  187  11:48  Probe (Chrono Boost)  
Tags
 
League
GoldGold
Matchup
PvP
Replay Pack
All Mines
Spawn Locations
Close Positions
Add a new tag
Caveats
  • Supply blocks, unpowered buildings, or Contaminate may cause inaccurate times.
  • Supply counts are checked every 10 seconds.